 Dungeon Crawl Stone Soup version 0.21.1-1-g345015f (webtiles) character file.

71 diana the Insei (level 3, -3/27 HPs)
             Began as a Demigod Transmuter on May 27, 2018.
             Slain by a worm (6 damage)
             ... on level 2 of the Dungeon.
             The game lasted 00:04:54 (2099 turns).

diana the Insei (Demigod Transmuter)                Turns: 2099, Time: 00:04:55

Health: -3/27      AC:  4    Str: 13    XL:     3   Next: 79%
Magic:  8/8        EV: 13    Int: 22    God:
Gold:   113        SH:  0    Dex: 18    Spells: 4/5 levels left

rFire    + . .     SeeInvis .     - Unarmed
rCold    x . .     Gourm    .   (no shield)
rNeg     . . .     Faith    .   b - +0 robe
rPois    .         Spirit   .   e - +2 hat
rElec    .         Reflect  .   (no cloak)
rCorr    .         Harm     .   (no gloves)
MR       +....                  (no boots)
Stlth    ++........             g - amulet of inaccuracy (curse)
HPRegen  0.09/turn              i - ring of protection from magic
MPRegen  0.11/turn              m - ring of fire

@: brilliant, lethally poisoned (-3 -> -6), appendage
A: horns 2, high mp 1
a: End Transformation


You were on level 2 of the Dungeon.
You were very hungry.
You had grown temporary horns.
You visited 1 branch of the dungeon, and saw 2 of its levels.

You collected 113 gold pieces.

Inventory:

Missiles
 a - 61 arrows
Armour
 b - a +0 robe (worn)
 e - a +2 hat (worn)
Jewellery
 g - a cursed amulet of inaccuracy (around neck)
 i - a ring of protection from magic (left hand)
 m - a ring of fire (right hand)
Scrolls
 f - 2 scrolls of enchant armour
 j - a scroll of identify {unknown}
 k - a scroll of teleportation {unknown}
Potions
 h - a potion of brilliance
Books
 c - a book of Changes

   Spells                             Type                      Level
   a - Beastly Appendage              Transmutation                1
   b - Sticks to Snakes               Transmutation                2
   c - Spider Form                    Transmutation/Poison         3
   d - Ice Form                       Ice/Transmutation            4
   e - Blade Hands                    Transmutation                5
Comestibles
 d - 4 rations


   Skills:
 - Level 0.8 Fighting
 - Level 1.9 Dodging
 * Level 3.9 Unarmed Combat
 - Level 1.7 Spellcasting
 + Level 2.6 Transmutations


You had 4 spell levels left.
You knew the following spells:

 Your Spells              Type           Power        Failure   Level  Hunger
a - Beastly Appendage     Tmut           ####..       1%          1    #......


Dungeon Overview and Level Annotations

Branches:
Dungeon (2/15)


Innate Abilities, Weirdness & Mutations

You have an increased reservoir of magic. (+10% MP)
You have a pair of horns on your head.


Message History

The worm closely misses you.
You hit the worm.
The worm is almost dead.
* * * LOW HITPOINT WARNING * * *
You feel sick.
It was a potion of brilliance.
You feel clever all of a sudden. The worm bites you but does no damage.
You barely miss the worm.
The worm is almost dead.
You hit the worm but do no damage.
The worm is almost dead.
* * * LOW HITPOINT WARNING * * *
You feel sick. The worm barely misses you.
You barely miss the worm. You punch the worm.
The worm is almost dead.
You hit the worm but do no damage.
The worm is almost dead.
The worm bites you.
You die...

,,..# #.# *,**,**,,,,, **###
#.## *,,,,**,,,,, ,,,,*
###..#### *,,****,,,,, ***,*
#.......# *,,* *,**,* *,*
#.##.##.# *>,* *,**,* *>*
#.*#.##.# *,,****,**,* *,*
#,*#.##.# *,,,,,,*,,,*
*,******,*#.##.# **,****,****
***,,,,,,,,,..##@#*****,****,*
,,,,,,,,,.......w.......,,,,,*
***,***,,.............##******
***,* ***#.#####.###### ,,,,*
*,* #.# ***** *,****#.# *
*,,,,,.?# * ******### *


You could see a worm.

Vanquished Creatures
  An adder (D:2)
  An ooze (D:1)
  2 worms (D:2)
  4 dart slugs
  5 giant cockroaches
  4 goblins
  3 hobgoblins
  A quokka (D:2)
  7 bats
  A frilled lizard (D:1)
  7 kobolds (D:1)
  6 rats
42 creatures vanquished.

Notes
Turn   | Place    | Note
-------+----------+-------------------------------------------
     0 | D:1      | diana the Demigod Transmuter began the quest for the Orb.
     0 | D:1      | Reached XP level 1. HP: 15/15 MP: 5/5
   150 | D:1      | Reached skill level 3 in Unarmed Combat
   393 | D:1      | Reached XP level 2. HP: 21/22 MP: 7/7
  1389 | D:1      | Reached XP level 3. HP: 22/27 MP: 8/8
  1609 | D:2      | Found an opulent altar of Gozag.
  1798 | D:2      | Learned a level 1 spell: Beastly Appendage
  2099 | D:2      | Slain by a worm

Skill      XL: |  1 |
---------------+----+-----
Unarmed Combat | 3 |  3.9
Transmutations | 2 |  2.6
Fighting       | |  0.8
Dodging        | |  1.9
Spellcasting   | |  1.7

Action                   || total
-------------------------++-------
Melee: Unarmed           ||   242
       Punch             ||     6
       Kick              ||     3
       Headbutt          ||     3
 Cast: Beastly Appendage ||     4
  Use: Scroll            ||     4
       Potion            ||     1
 Stab: Sleeping          ||     5
  Eat: Chunk             ||     3
Armor: Robe              ||    94
Dodge: Dodged            ||   167
